 Dungeon Sprint DCSS version 0.28-a0-1429-gf3d713df7a (webtiles) character file.

Game seed: 16247170800078380499

5826 jt the Imperceptible (level 10, -9/55 HPs)
             Began as a Spriggan Abyssal Knight on Jan 8, 2022.
             Was a High Priest of Lugonu.
             Mangled by Agnes (16 damage)
             ... in the Dungeon (Sprint IV: "Fedhas' Mad Dash").
             The game lasted 00:06:52 (1013 turns).

jt the Imperceptible (Spriggan Abyssal Knight)      Turns: 1013, Time: 00:06:52

Health: -9/55      AC:  6    Str:  9    XL:     10   Next: 51%
Magic:  12/31      EV: 18    Int: 11    God:    Lugonu [*****.]
Gold:   141        SH:  0    Dex: 21    Spells: 7/9 levels left

rFire   . . .      SeeInvis +   a - +3 short sword (distort)
rCold   . . .      Faith    .   (no shield)
rNeg    . . .      Spirit   .   b - +0 robe
rPois   .          Reflect  .   (helmet restricted)
rElec   .          Harm     .   (no cloak)
rCorr   .          Rampage  .   (gloves unavailable)
Will    +....      NoTele   +   (boots unavailable)
Stlth   +++++++++.              g - amulet of invisibility {+Inv}
HPRegen 0.18/turn               i - +4 ring of protection
MPRegen 0.22/turn               p - ring of magical power

@: very quick
A: very small, no large weapons, unfitting armour, see invisible, speed 3
a: Renounce Religion, Evoke Invisibility, Bend Space, Banish, Corrupt


You were in the Dungeon.
You worshipped Lugonu.
Lugonu was extremely pleased with you.
You visited 1 branch You collected 196 gold pieces.
You spent 55 gold pieces at shops.

Inventory:

Hand Weapons
 a - a +3 short sword of distortion (weapon)
 k - a +2 mace of protection
 l - the +1 spear "Jivaol" {vamp, Int+2 Dex+2}
   (You found it in the Dungeon)

   It occasionally heals its wielder for a portion of the damage dealt when it
   wounds a living foe.
   Int:       It affects your intelligence (+2).
   Dex:       It affects your dexterity (+2).
 r - a +1 rapier of speed
Missiles
 e - 15 sling bullets
 j - 3 boomerangs (quivered)
Armour
 b - a +0 robe (worn)
 q - a +0 buckler
Jewellery
 g - the amulet of invisibility (around neck) {+Inv}
   (You found it in the Dungeon)

   [amulet of nothing]

   +Inv:      It lets you turn invisible.
 i - a +4 ring of protection (left hand)
 p - a ring of magical power (right hand)
Wands
 m - a wand of mindburst (21)
Scrolls
 h - a scroll of blinking
 o - a scroll of magic mapping {unknown}
Potions
 c - a potion of curing
 d - 2 potions of heal wounds
 f - 2 potions of magic
 n - a potion of might {unknown}


   Skills:
 + Level 7.4 Fighting
 + Level 9.4 Short Blades
 - Level 3.2 Dodging
 + Level 23.0 Stealth
 * Level 15.9 Invocations
 - Level 3.3 Evocations


You had 7 spell levels left.
You knew the following spells:

 Your Spells              Type           Power      Damage    Failure   Level
a - Blink                 Tloc           0%         N/A       47%         2

Your spell library contained the following spells:

 Spells                   Type           Power      Damage    Failure   Level
 Manifold Assault         Tloc           0%         N/A       100%        5
 Storm Form               Tmut/Air       0%         N/A       100%        7


Dungeon Overview and Level Annotations

Branches:
Dungeon (1/1)

Altars:
Cheibriados
Dithmenos
Elyvilon
Gozag
Hepliaklqana
Kikubaaqudgha
Makhleb
Nemelex Xobeh
Okawaru
Qazlal
Ru
Sif Muna
Trog
Uskayaw
Vehumet
Wu Jian
Xom
Yredelemnul
Zin
The Shining One
Beogh
Jiyva
Lugonu

Shops:
D =[(?:!=(

Annotations:
D Agnes


Innate Abilities, Weirdness & Mutations

You are very small and have problems with some larger weapons.
You are too small for most types of armour.
You have supernaturally acute eyesight. (SInv)
You cover ground extremely quickly. (Speed+++)


Message History

a +0 spear; a +0 buckler; a spriggan corpse
There is an entrance to Zoecsut's Jewellery Emporium here.
There is an entrance to Laose's Antique Weapon Shoppe here.
You can access your shopping list by pressing '$'.
Things that are here:
a +0 robe; a spriggan corpse
There is an open door here.
There is an open door here.
You see here a +0 dagger.
There is an open door here.
Okay, then.
You open the door.
Agnes the Wanderer comes into view.
She is wielding a +0 vampiric lajatang.
Blink to where?
Press: ? - help, Dir - move target
Found Ymubuwk's Antique Weapon Emporium and Casuesk's Magic Scroll Shoppe.
As you read the scroll of blinking, it crumbles to dust.
Agnes shouts!
Agnes hits you with a +0 vampiric lajatang!!
Press: ? - help, Shift-Dir - straight line, f - Agnes
Aim: Agnes, wielding a +0 vampiric lajatang and wearing a +0 robe (chance to affect: 27%) Agnes easily resists.
Agnes hits you with a +0 vampiric lajatang!!
* * * LOW HITPOINT WARNING * * *
Agnes completely misses you.
Blink to where?
Press: ? - help, Dir - move target, p - Agnes
As you read the scroll of blinking, it crumbles to dust.
Press: ? - help, Shift-Dir - straight line, f - Agnes
Aim: Agnes, wielding a +0 vampiric lajatang and wearing a +0 robe (chance to affect: 27%) Agnes easily resists.
Press: ? - help, Shift-Dir - straight line, f/p - Agnes
Aim: Agnes, wielding a +0 vampiric lajatang and wearing a +0 robe (chance to affect: 27%) Agnes easily resists.
Agnes says, "It is my duty to kill you, but also my pleasure."
Press: ? - help, Shift-Dir - straight line, f/p - Agnes
Aim: Agnes, wielding a +0 vampiric lajatang and wearing a +0 robe (chance to affect: 27%) Agnes easily resists.
Agnes completely misses you.
Agnes hits you with a +0 vampiric lajatang!
You die...

#################################
.#.⌠._._._._.⌠.#..'...#....##∩##.
.'.._._._._._..'..#...#....'.[##'
.#..._._._._...#..###'##...##∩#..
##.._._._._._..#..##∩∩.'...#####.
.#._._._._._.⌠.#################.
.###################......###....
##♣♣♣♣♣..♣.###.'@.'......)'.'..)♣
'......♣..♣##..#i.#.P.....#######
#♣..♣♣♣.♣).###.##'##.P....#
#.♣♣..♣...♣'...#♣.♣######## ##
#############... .####
#..♣..♣....# ♣......♣
....♣.....∩.∩.. # ###########


You could see Agnes.

Vanquished Creatures
  A spriggan druid (D)
  6 oklob plants (D)
  A demonic crawler (D)
  A burning bush (D)
  A hornet (D)
  3 wandering mushrooms (D)
  A scorpion (D)
  2 killer bees (D)
  5 oklob saplings (D)
  4 spriggans (D)
  A river rat (D)
  A rat (D)
  A ballistomycete spore (D)
28 creatures vanquished.

Notes
Turn   | Place    | Note
-------+----------+-------------------------------------------
     0 | D        | jt the Spriggan Abyssal Knight began the quest for the Orb.
     0 | D        | Reached XP level 1. HP: 11/11 MP: 3/3
    10 | D        | Reached skill level 6 in Stealth
    10 | D        | Reached XP level 2. HP: 16/16 MP: 4/4
    11 | D        | Reached ** piety under Lugonu
    50 | D        | Noticed an oklob sapling
    51 | D        | Killed an oklob sapling
    52 | D        | Reached skill level 9 in Stealth
    52 | D        | Reached XP level 3. HP: 19/19 MP: 5/5
    53 | D        | Noticed a scorpion
    53 | D        | Found the amulet of invisibility {+Inv}
    55 | D        | Killed a scorpion
    56 | D        | Reached skill level 13 in Stealth
    56 | D        | Reached XP level 4. HP: 23/23 MP: 6/6
    79 | D        | Found an opulent altar of Gozag.
    79 | D        | Found a hazy altar of Hepliaklqana.
    79 | D        | Found a snail-covered altar of Cheibriados.
    80 | D        | Found a viscous altar of Jiyva.
    80 | D        | Found a burning altar of Makhleb.
    80 | D        | Found a sparkling altar of Nemelex Xobeh.
    80 | D        | Found a sacrificial altar of Ru.
    80 | D        | Found a shimmering blue altar of Sif Muna.
    80 | D        | Found a bloodstained altar of Trog.
    80 | D        | Found an ornate altar of the Wu Jian Council.
    80 | D        | Found a shimmering altar of Xom.
    80 | D        | Found a basalt altar of Yredelemnul.
    81 | D        | Found an iron altar of Okawaru.
    81 | D        | Found a shadowy altar of Dithmenos.
    81 | D        | Found a glowing silver altar of Zin.
    82 | D        | Found an ancient bone altar of Kikubaaqudgha.
    82 | D        | Found a hide-covered altar of Uskayaw.
    83 | D        | Found a stormy altar of Qazlal.
    83 | D        | Found a white marble altar of Elyvilon.
    83 | D        | Found a glowing golden altar of the Shining One.
    84 | D        | Found a corrupted altar of Lugonu.
    84 | D        | Found a radiant altar of Vehumet.
    88 | D        | Reached skill level 15 in Stealth
    88 | D        | Reached XP level 5. HP: 27/27 MP: 4/7
    98 | D        | Reached *** piety under Lugonu
    99 | D        | Reached skill level 16 in Stealth
   144 | D        | Noticed a queen bee
   229 | D        | Reached skill level 17 in Stealth
   229 | D        | Reached skill level 5 in Invocations
   229 | D        | Reached XP level 6. HP: 13/32 MP: 4/11
   522 | D        | Found Daytt's Armour Shop.
   522 | D        | Noticed a wandering mushroom
   561 | D        | Reached **** piety under Lugonu
   565 | D        | Noticed a wandering mushroom
   569 | D        | Found Ycloc's Jewellery Emporium.
   570 | D        | Noticed a burning bush
   574 | D        | Found Zyacsane's Book Shoppe.
   578 | D        | Found Inorphul's Distillery.
   580 | D        | Banished a burning bush
   581 | D        | Reached skill level 18 in Stealth
   581 | D        | Reached XP level 7. HP: 31/35 MP: 2/14
   582 | D        | Killed a wandering mushroom
   583 | D        | Reached skill level 19 in Stealth
   583 | D        | Reached skill level 10 in Invocations
   590 | D        | Killed a wandering mushroom
   600 | D        | Bought a potion of heal wounds for 55 gold pieces
   695 | D        | Reached skill level 20 in Stealth
   695 | D        | Reached XP level 8. HP: 39/39 MP: 15/17
   696 | D        | Banished a queen bee
   805 | D        | Noticed an oklob plant
   808 | D        | Killed an oklob plant
   819 | D        | Noticed a burning bush
   822 | D        | Killed a burning bush
   823 | D        | Reached skill level 5 in Short Blades
   823 | D        | Reached skill level 21 in Stealth
   837 | D        | Noticed a burning bush
   837 | D        | Noticed an oklob plant
   838 | D        | Reached ***** piety under Lugonu
   838 | D        | Banished a burning bush
   839 | D        | Reached XP level 9. HP: 46/46 MP: 12/19
   839 | D        | Noticed a wandering mushroom
   844 | D        | Killed an oklob plant
   845 | D        | Reached skill level 5 in Fighting
   848 | D        | Killed a wandering mushroom
   851 | D        | Identified the +1 spear "Jivaol" {vamp, Int+2 Dex+2}
   868 | D        | Noticed a spriggan druid
   869 | D        | Killed a spriggan druid
   888 | D        | Noticed an oklob plant conjurer
   889 | D        | Killed an oklob plant conjurer
   890 | D        | Reached skill level 22 in Stealth
   906 | D        | Learned a level 2 spell: Blink
   928 | D        | Noticed an oklob plant
   929 | D        | Noticed an oklob plant shifter
   929 | D        | Noticed an oklob plant summoner
   933 | D        | Killed an oklob plant
   934 | D        | Reached XP level 10. HP: 53/53 MP: 18/22
   935 | D        | Killed an oklob plant summoner
   936 | D        | Reached skill level 15 in Invocations
   938 | D        | Killed an oklob plant shifter
   952 | D        | Noticed a spriggan rider
   953 | D        | Found Zoecsut's Jewellery Emporium.
   954 | D        | Found Laose's Antique Weapon Shoppe.
   959 | D        | Reached ****** piety under Lugonu
   961 | D        | Killed a spriggan rider
   962 | D        | Reached skill level 23 in Stealth
   962 | D        | Identified a +3 short sword of distortion (a +1 short sword
                  | corrupted by Lugonu)
   962 | D        | Received a gift from Lugonu
  1007 | D        | Noticed Agnes
  1008 | D        | Found Ymubuwk's Antique Weapon Emporium.
  1008 | D        | Found Casuesk's Magic Scroll Shoppe.
  1013 | D        | Mangled by Agnes

Illustrated notes

Levels and vault maps discovered:
D:        dungeon_sprint_fedhas [sprint_temple]

Skill      XL: |  1  2  3  4  5  6  7  8  9 10 |
---------------+-------------------------------+-----
Stealth        | 6 9 13 15 17 18 20 21 22 23 | 23.0
Invocations    | 5 9 11 13 14 15 | 15.9
Fighting       | 4 6 7 |  7.4
Short Blades   | 5 8 9 |  9.4
Evocations     | 3 |  3.3
Dodging        | |  3.2

Action                   |  1- 3 |  4- 6 |  7- 9 | 10-12 || total
-------------------------+-------+-------+-------+-------++-------
Melee: Short sword       |     6 |    19 |    21 |     6 ||    52
Throw: Boomerang         |       |     6 |     3 |       ||     9
Invok: Banish            |       |     4 |     4 |     4 ||    12
       Brand Weapon With |       |       |       |     1 ||     1
 Abil: Evoke Invisibilit |       |     3 |     5 |       ||     8
  Use: Potion            |     1 |     1 |       |       ||     2
       Scroll            |       |       |       |     2 ||     2
 Stab: Sleeping          |     2 |     3 |     7 |     6 ||    18
       Invisible         |       |     1 |     7 |       ||     8
Armor: Robe              |       |     2 |       |       ||     2
Dodge: Dodged            |     1 |    12 |     7 |     2 ||    22

Table legend: (Time is in decaauts)
 A = Elapsed time spent in this place.
 B = Non-inter-level travel time spent in this place.
 C = Inter-level travel time spent in this place.
 D = Time resting spent in this place.
 E = Time spent auto-exploring this place.
 F = Levels seen in this place.
 G = Mean time per level.
                   A        B        C        D        E       F      G
               +--------+--------+--------+--------+--------+-----+--------+
         Total |    858 |    840 |     18 |    470 |      0 |   1 |  858.0 |
       Dungeon |    858 |    840 |     18 |    470 |      0 |   1 |  858.0 |
               +--------+--------+--------+--------+--------+-----+--------+

Top non-repeatable levels by time:
       D: 858 daAuts
